 Dungeon Crawl Stone Soup version 0.31-a0-233-g139696dc86 (webtiles) character file.

Game seed: 18348367372355820202

86 Decritt the Trooper (level 4, -3/29 HPs)
             Began as a Gargoyle Fighter on July 9, 2023.
             Killed by divine providence
             ... invoked by an orc priest
              (14 damage)
             ... on level 3 of the Dungeon.
             The game lasted 00:02:29 (1825 turns).

Decritt the Trooper (Gargoyle Fighter)              Turns: 1825, Time: 00:02:29

Health: -3/29      AC: 10    Str: 22    XL:     4   Next: 49%
Magic:  4/4        EV:  9    Int:  8    God:
Gold:   95         SH:  4    Dex:  9    Spells: 3/3 levels left

rFire   . . .        a - +0 flail
rCold   . . .        c - +0 buckler
rNeg    + . .        b - +0 scale mail
rPois   ∞            (no helmet)
rElec   +            (no cloak)
rCorr   .            (no gloves)
SInv    .            (no boots)
Will    .....        m - amulet of regeneration Stlth
                     (no ring)
HPRegen 1.04/turn    (no ring)
MPRegen 0.09/turn

%: no passive effects
@: no status effects
A: sickness immunity, AC +3, negative energy resistance 1, electricity
resistance, torment resistance 1, petrification resistance
a: no special abilities


You were on level 3 of the Dungeon.
You visited 1 branch of the dungeon, and saw 3 of its levels.

You collected 95 gold pieces.

Inventory:

Hand Weapons
 a - a +0 flail (weapon)
Missiles
 g - 3 throwing nets
Armour
 b - a +0 scale mail (worn)
 c - a +0 buckler (worn)
Jewellery
 m - an amulet of regeneration (around neck)
Scrolls
 e - 3 scrolls of poison {unknown}
 j - 2 scrolls of identify {unknown}
 l - a scroll of blinking {unknown}
 o - a scroll of torment {unknown}
Potions
 d - 2 potions of might
 f - a potion of mutation {unknown}
 h - 2 potions of degeneration {unknown}
 i - a potion of heal wounds {unknown}
 k - a potion of berserk rage {unknown}
 n - a potion of cancellation {unknown}


   Skills:
 * Level 4.2 Fighting
 * Level 3.1 Maces & Flails
 + Level 3.8 Armour
 + Level 3.7 Shields


You had 3 spell levels left.
You didn't know any spells.
Your spell library contained the following spells:

 Spells                   Type           Power      Damage    Failure   Level
 Sandblast                Erth           0%         2d4       80%         1
 Shock                    Conj/Air       0%         1d3       80%         1
 Passwall                 Tmut/Erth      0%         N/A       90%         2
 Stone Arrow              Conj/Erth      0%         3d7       99%         3
 Swiftness                Air            0%         N/A       99%         3
 Airstrike                Air            0%         2d(0-16)  100%        4


Dungeon Overview and Level Annotations

Branches:
Dungeon (3/15)

Altars:
Dithmenos

Shops:
D:3 [


Innate Abilities, Weirdness & Mutations

You are immune to sickness and miasma.
Your stone body is resilient. (AC +3)
You are immune to poison.
You resist negative energy. (rN+)
You are resistant to electric shocks. (rElec)
You are resistant to unholy torment.
You are immune to petrification.


Message History

A hobgoblin comes into view.
The hobgoblin shouts!
The rat bites you but does no damage.
You hit the rat.
You kill the rat!
An orc priest comes into view. It is wielding a +0 trident.
The orc priest shouts!
You hit the hobgoblin but do no damage. The hobgoblin closely misses you.
A kobold comes into view. It is wielding a +0 short sword.
An orc priest comes into view. It is wielding a +0 whip.
The hobgoblin hits you.
An orc comes into view. It is wielding a +0 club.
The kobold shouts!
The orc priest shouts!
You sock the hobgoblin!
You kill the hobgoblin!
The orc priest looks satisfied for a moment.
An orc comes into view. It is wielding a +0 club.
There are monsters nearby!
Found a stone staircase leading down.
You barely miss the orc priest. The orc priest barely misses you.
The orc hits you but does no damage.
You barely miss the orc priest. The orc priest barely misses you.
The orc priest looks satisfied for a moment.
The orc hits you but does no damage. The orc priest barely misses you.
The kobold hits you but does no damage.
You closely miss the orc priest.
The orc priest calls down the wrath of Beogh upon you.
Beogh smites you! The kobold hits you but does no damage.
You thump the orc!
You kill the orc!
The orc priest barely misses you.
The kobold hits you with a +0 short sword.
You barely miss the orc priest. The orc priest barely misses you.
The orc hits you with a +0 club. The orc priest hits you with a +0 whip.
* * * LOW HITPOINT WARNING * * *
The kobold barely misses you. The kobold attacks as you move away!
The kobold barely misses you.
The orc priest mumbles some strange prayers to Beogh against you.
Beogh smites you!
You die...

#§#.##...##.....#..##..#.###..###
§§.###...##.....#..##..#.###..###
#§#.##...# ....##................
§_.§.....## ...##........###.####
#.#.#§.................#.# ######
§§.#§#....#....##..#...#.# #..)
#§#....................#.# #.## .
#......#....##..#..## # #.# .. ..
........@.....# ##.##
.#....##.o#..# #....
.......ooK#..##.####..##
......................#
..>...#####..##.####..# ......
#..# # #..## .#... ....# #....
#.. ...# ##### #.. ..


You could see 2 orc priests and a kobold.

Vanquished Creatures
  4 gnolls (D:3)
  An orc (D:3)
  3 endoplasms
  A giant cockroach (D:3)
  8 goblins
  6 hobgoblins
  3 jackals (D:2)
  A quokka (D:2)
  5 ball pythons
  3 bats
  A frilled lizard (D:1)
  3 kobolds
  4 rats
43 creatures vanquished.

Notes
Turn   | Place    | Note
-------+----------+-------------------------------------------
     0 | D:1      | Decritt the Gargoyle Fighter began the quest for the Orb.
     0 | D:1      | Reached XP level 1. HP: 14/14 MP: 1/1
   300 | D:1      | Reached XP level 2. HP: 16/19 MP: 2/2
   944 | D:2      | Found a faded altar of an unknown god.
   950 | D:2      | Reached XP level 3. HP: 24/24 MP: 3/3
  1563 | D:3      | Found a shadowy altar of Dithmenos.
  1622 | D:3      | Found Onikof's Antique Armour Shop.
  1669 | D:3      | Reached skill level 4 in Fighting
  1673 | D:3      | Reached XP level 4. HP: 29/29 MP: 4/4
  1825 | D:3      | Killed from afar by an orc priest

Illustrated notes

Levels and vault maps discovered:
D:1:      minmay_arrival_stone_box, layout_basic, nicolae_hexahallways,
          columned_hall_lemuel
D:2:      layout_basic, basic_ecumenical_altar
D:3:      kennysheep_goblin_castle, layout_basic,
          grunt_dithmenos_smoke_and_mirrors, serial_shops,
          nicolae_shop_getting_attention, uniq_jessica, uniq_grinder

Skill      XL: |  1  2  3  4 |
---------------+-------------+-----
Fighting       | 4 |  4.2
Maces & Flails | 3 |  3.1
Armour         | |  3.8
Shields        | |  3.7

Action                     |  1- 3 |  4- 6 || total
---------------------------+-------+-------++-------
  Melee: Flail             |    83 |    18 ||   101
 Armour: Scale mail        |    39 |    12 ||    51
  Dodge: Dodged            |    32 |    19 ||    51
  Block: Buckler           |     7 |     4 ||    11

Table legend: (Time is in decaauts)
 A = Elapsed time spent in this place.
 B = Non-inter-level travel time spent in this place.
 C = Inter-level travel time spent in this place.
 D = Time resting spent in this place.
 E = Time spent auto-exploring this place.
 F = Levels seen in this place.
 G = Mean time per level.
                   A        B        C        D        E       F      G
               +--------+--------+--------+--------+--------+-----+--------+
         Total |   1854 |   1790 |     64 |      0 |   1449 |   3 |  618.0 |
       Dungeon |   1854 |   1790 |     64 |      0 |   1449 |   3 |  618.0 |
               +--------+--------+--------+--------+--------+-----+--------+

Top non-repeatable levels by time:
     D:1: 787 daAuts
     D:2: 779 daAuts
     D:3: 288 daAuts
